 Dungeon Crawl Stone Soup version 0.30-a0-377-g5cb311bc9f (webtiles) character file.

Game seed: 17759413512754114941

114 qeuew the Digger (level 4, -4/24 HPs)
             Began as a Gargoyle Earth Elementalist on Nov 30, 2022.
             Slain by an iguana (10 damage)
             ... on level 4 of the Dungeon.
             The game lasted 00:04:24 (2847 turns).

qeuew the Digger (Gargoyle Earth Elementalist)      Turns: 2847, Time: 00:04:25

Health: -4/24      AC:  9    Str: 14 (17) XL:     4   Next: 97%
Magic:  0/8        EV: 10    Int: 15      God:
Gold:   190        SH:  0    Dex:  8 (9)  Spells: 4/8 levels left

rFire   . . .      SeeInvis .    a - +0 mace
rCold   . . .      Faith    .    (no shield)
rNeg    + . .      Spirit   .    j - +1 ring mail
rPois   ∞          Reflect  .    (no helmet)
rElec   +          Harm     .    (no cloak)
rCorr   .          Rampage  .    (no gloves)
Will    .....                    (no boots)
Stlth   +.........               (no amulet)
HPRegen 1.04/turn                (no ring)
MPRegen 0.11/turn                (no ring)

@: no status effects
A: sickness immunity, AC +3, negative energy resistance 1, electricity
resistance, torment resistance 1, petrification resistance, regeneration 1,
strong 1
a: no special abilities


You were on level 4 of the Dungeon.
You visited 1 branch of the dungeon, and saw 4 of its levels.

You collected 190 gold pieces.

Inventory:

Hand Weapons
 a - a +0 mace (weapon)
Armour
 j - a +1 ring mail (worn)
Scrolls
 c - 3 scrolls of identify
 g - a scroll of blinking
 i - a scroll of magic mapping
Potions
 b - 3 potions of magic
 d - a potion of heal wounds
 e - 3 potions of invisibility
 l - a potion of brilliance


   Skills:
 + Level 1.0 Maces & Flails
 + Level 1.7 Armour
 + Level 2.2 Dodging
 + Level 3.1 Stealth
 * Level 2.6 Spellcasting
 + Level 0.0 Conjurations
 - Level 0.7 Transmutations
 + Level 4.3 Earth Magic


You had 4 spell levels left.
You knew the following spells:

 Your Spells              Type           Power      Damage    Failure   Level
a - Sandblast             Erth           28%        2d8       7%          1
b - Stone Arrow           Conj/Erth      16%        3d8       45%         3

Your spell library contained the following spells:

 Spells                   Type           Power      Damage    Failure   Level
 Passwall                 Tmut/Erth      7%         N/A       22%         2
 Petrify                  Tmut/Erth      9%         N/A       82%         4


Dungeon Overview and Level Annotations

Branches:
Dungeon (4/15)
 Temple: D:4-7

Altars:
Hepliaklqana
Okawaru
Wu Jian


Innate Abilities, Weirdness & Mutations

You are immune to sickness and miasma.
Your stone body is resilient. (AC +3)
You are immune to poison.
You resist negative energy. (rN+)
You are resistant to electric shocks. (rElec)
You are resistant to unholy torment.
You are immune to petrification.
Your natural rate of healing is unusually fast.
Your muscles are strong. (Str +4, Int/Dex -1)


Message History

You barely miss the iguana.
The iguana is heavily wounded.
The endoplasm hits you.
The iguana hisses menacingly.
The iguana closely misses you.
The endoplasm hits you but does no damage.
The iguana bites you but does no damage.
Casting: Sandblast (safe; 7% risk of failure)
Confirm with . or Enter, or press ? or * to list all spells.
The spell is astonishingly dangerous to miscast (45% risk of failure)!
Continue anyway?
Okay, then.
Unknown command.
Welcome back, qeuew the Gargoyle Earth Elementalist.
Press ? for a list of commands and other information.
Cast which spell? (? or * to list)
The spell is astonishingly dangerous to miscast (45% risk of failure)!
Continue anyway?
Aiming: Stone Arrow (astonishingly dangerous; 45% risk of failure)
Press: ? - help, Shift-Dir - straight line, f - iguana
Aim: an iguana (heavily wounded, 69% to hit)
The stone arrow misses the iguana.
The iguana bites you.
The endoplasm hits you but does no damage.
A goblin comes into view. It is wielding a +0 club.
Unknown command.
Blink to where?
Press: ? - help, Dir - move target, p - iguana
As you read the scroll of blinking, it crumbles to dust.
You are too injured to fight recklessly!
Aiming: Sandblast (safe; 7% risk of failure)
Press: ? - help, Q - select action Shift-Dir - straight line, f - endoplasm
Aim: an endoplasm (98% to hit)
The blast of sand hits the endoplasm!
You kill the endoplasm!
Unknown command.
You barely miss the iguana.
The iguana is heavily wounded.
The goblin shouts!
The iguana bites you.
* * * LOW HITPOINT WARNING * * *
The iguana bites you!
You die...

####.......# ##.
#..........# #..
.[.##.......# #[#
#...>...####.#
#.#######..........
#.........###.....#
######....##...###
...###########.#.....###
.[.....§l@.[...>.......
.
...g....##..##.......##
##
g..###..##.###.#####..#
# ##.)..# #.# ##.# .
..(... #.# ## #.
...####. ... ### ###.#
#$#


You could see an iguana and a goblin.

Vanquished Creatures
  An orc priest (D:3)
  2 adders
  A worm (D:4)
  2 dart slugs (D:1)
  3 orcs (D:3)
  5 endoplasms
  A giant cockroach (D:1)
  8 goblins
  7 hobgoblins
  4 jackals (D:1)
  A quokka (D:3)
  5 ball pythons
  3 bats
  A frilled lizard (D:1)
  3 kobolds
  4 rats
51 creatures vanquished.

Notes
Turn   | Place    | Note
-------+----------+-------------------------------------------
     0 | D:1      | qeuew the Gargoyle Earth Elementalist began the quest for
                  | the Orb.
     0 | D:1      | Reached XP level 1. HP: 10/10 MP: 3/3
   132 | D:1      | Reached XP level 2. HP: 15/15 MP: 3/5
   428 | D:1      | Reached skill level 1 in Armour
   428 | D:1      | Reached XP level 3. HP: 19/19 MP: 2/6
   963 | D:1      | Reached skill level 4 in Earth Magic
  1169 | D:1      | Gained mutation: Your natural rate of healing is unusually
                  | fast. [potion of mutation]
  1169 | D:1      | Gained mutation: Your muscles are strong. (Str +4, Int/Dex
                  | -1) [potion of mutation]
  1904 | D:3      | Reached XP level 4. HP: 24/24 MP: 3/7
  1945 | D:3      | Found a large runed translucent door.
  1945 | D:3      | Found a large runed translucent door.
  2010 | D:3      | Reached skill level 1 in Maces & Flails
  2312 | D:3      | Found a hazy altar of Hepliaklqana.
  2516 | D:3      | Found an ornate altar of the Wu Jian Council.
  2528 | D:3      | Found an iron altar of Okawaru.
  2545 | D:3      | Learned a level 3 spell: Stone Arrow
  2847 | D:4      | Slain by an iguana

Illustrated notes

Levels and vault maps discovered:
D:1:      minmay_arrival_split_and_join, layout_basic,
          chequers_serial_rivers_micro_c, minmay_split_cup_small
D:2:      layout_basic, minmay_misc_feat_pillars
D:3:      layout_rooms, jmf_multi_god_temple2,
          mainiacjoe_overflow_six_doors_small, nicolae_underground_beach
D:4:      layout_rooms, xom_teletrap_fun, temple_doors_e

Skill      XL: |  1  2  3  4 |
---------------+-------------+-----
Armour         | 1 |  1.7
Earth Magic    | 4 |  4.3
Dodging        | 2 |  2.2
Maces & Flails | 1 |  1.0
Stealth        | 3 |  3.1
Spellcasting   | |  2.6
Transmutations | |  0.7

Action                   |  1- 3 |  4- 6 || total
-------------------------+-------+-------++-------
Melee: Unarmed           |    20 |       ||    20
       Mace              |    30 |    12 ||    42
 Cast: Sandblast         |    37 |    26 ||    63
       Stone Arrow       |       |     1 ||     1
  Use: Potion            |     9 |     2 ||    11
       Scroll            |     4 |     3 ||     7
Armor: Robe              |    12 |       ||    12
       Ring mail         |    22 |    19 ||    41
Dodge: Dodged            |    49 |    12 ||    61

Table legend: (Time is in decaauts)
 A = Elapsed time spent in this place.
 B = Non-inter-level travel time spent in this place.
 C = Inter-level travel time spent in this place.
 D = Time resting spent in this place.
 E = Time spent auto-exploring this place.
 F = Levels seen in this place.
 G = Mean time per level.
                   A        B        C        D        E       F      G
               +--------+--------+--------+--------+--------+-----+--------+
         Total |   2884 |   2642 |    242 |    150 |   2083 |   4 |  721.0 |
       Dungeon |   2884 |   2642 |    242 |    150 |   2083 |   4 |  721.0 |
               +--------+--------+--------+--------+--------+-----+--------+

Top non-repeatable levels by time:
     D:1: 1232 daAuts
     D:3: 952 daAuts
     D:2: 603 daAuts
     D:4: 97 daAuts
